 Dungeon Crawl Stone Soup version 0.20.0-15-g7f486f2 (webtiles) character file.

116 Revguard the Shield-Bearer (level 5, -4/33 HPs)
             Began as a Gargoyle Fighter on June 11, 2017.
             Killed by divine providence
             ... invoked by an orc priest
              (10 damage)
             ... on level 3 of the Dungeon.
             The game lasted 00:14:36 (2032 turns).

Revguard the Shield-Bearer (Gargoyle Fighter)       Turns: 2032, Time: 00:14:36

Health: -4/33      AC: 15    Str: 18 (20) XL:     5   Next: 0%
Magic:  0/5        EV:  5    Int:  5 (8)  God:
Gold:   154        SH:  9    Dex:  7 (10) Spells: 4/4 levels left

rFire    . . .     SeeInvis .   a - +1 flail
rCold    . . .     Gourm    .   c - +0 shield
rNeg     + . .     Faith    .   l - +0 chain mail
rPois    ∞         Spirit   +   n - +0 helmet
rElec    +         Reflect  .   (no cloak)
rCorr    .         Harm     .   (no gloves)
MR       .....                  m - +0 pair of boots
Stlth    ..........             i - amulet of guardian spirit
Regen    0.2/turn               (no ring)
MPRegen  0.1/turn               (no ring)

@: no status effects
A: negative energy resistance 1, electricity resistance, unbreathing,
petrification resistance, rot immunity, AC +4
a: no special abilities


You were on level 3 of the Dungeon.
You were not hungry.

You visited 1 branch of the dungeon, and saw 3 of its levels.

You collected 154 gold pieces.

Inventory:

Hand Weapons
 a - a +1 flail (weapon)
 o - a +1 hand axe of freezing
Armour
 b - a +0 scale mail
 c - a +0 shield (worn)
 l - a +0 chain mail (worn)
 m - a +0 pair of boots (worn)
 n - a +0 helmet (worn)
Jewellery
 h - an uncursed ring of loudness
 i - an amulet of guardian spirit (around neck)
Scrolls
 d - a scroll of random uselessness {unknown}
 k - a scroll of teleportation
Potions
 j - a potion of brilliance
Comestibles
 f - 3 bread rations
 g - 2 meat rations


   Skills:
 + Level 3.8 Fighting
 + Level 3.0 Maces & Flails
 + Level 3.7 Armour
 + Level 0.8 Dodging
 + Level 4.4 Shields


You had 4 spell levels left.
You didn't know any spells.

Dungeon Overview and Level Annotations

Branches:
Dungeon (3/15)

Altars:


Innate Abilities, Weirdness & Mutations

You are resistant to torment.
Your stone body is resilient. (AC +4)
You are immune to poison.
You resist negative energy. (rN+)
You are resistant to electric shocks. (rElec)
You can survive without breathing.
You are immune to petrification.
You are immune to rotting.


Message History

a leather armour; an orc corpse The bat closely misses you.
You see here a scroll labeled LYEZAIN FAMO.
d - a scroll labeled LYEZAIN FAMO The bat hits you but does no damage.
You hit the bat.
You kill the bat!
You have reached level 5!
You start resting.
You feel a little less mighty now.
The orc wizard shouts!
The orc wizard points at you and mumbles some strange words.
The magic dart hits you!
* * * LOW HITPOINT WARNING * * *
An orc comes into view.
An orc priest comes into view. It is wielding a flail.
The orc priest shouts!
The orc priest mumbles some strange prayers to Beogh against you.
Beogh smites you!
You die...

................#
................#
.............####
.............###
####....o.....#
#.......[.....# .
...............# ...
...............##..o..
..####........@..o....
. ....#.#...####....
$....#.#...# ..
....)...+....<
........#..... #...
#... ##..


You could see an orc priest, an orc wizard and an orc.

Vanquished Creatures
  An orc wizard (D:3)
  3 adders (D:2)
  2 dart slugs
  2 leopard geckos
  7 orcs (D:3)
  3 bats
  A giant cockroach (D:1)
  9 goblins
  3 hobgoblins
  A quokka (D:3)
  4 frilled lizards
  9 kobolds
  6 rats
51 creatures vanquished.

Notes
Turn   | Place    | Note
-------+----------+-------------------------------------------
     0 | D:1      | Revguard the Gargoyle Fighter began the quest for the Orb.
     0 | D:1      | Reached XP level 1. HP: 14/14 MP: 1/1
   279 | D:1      | Reached XP level 2. HP: 8/19 MP: 2/2
   623 | D:2      | Reached XP level 3. HP: 23/23 MP: 3/3
   824 | D:2      | Reached skill level 4 in Shields
   948 | D:2      | Reached XP level 4. HP: 29/29 MP: 4/4
  2015 | D:3      | Reached XP level 5. HP: 6/33 MP: 3/5
  2032 | D:3      | Killed from afar by an orc priest

Skill      XL: |  1  2  3  4 |
---------------+-------------+-----
Shields        | 4 |  4.4
Maces & Flails | 3 |  3.0
Fighting       | |  3.8
Armour         | |  3.7
Dodging        | |  0.8

Action                   |  1- 3 |  4- 6 || total
-------------------------+-------+-------++-------
Melee: Flail             |   116 |   108 ||   224
  Use: Scroll            |     4 |     5 ||     9
       Potion            |       |     2 ||     2
  Eat: Bread ration      |       |     1 ||     1
Armor: Scale mail        |    87 |    16 ||   103
       Chain mail        |       |   100 ||   100
Dodge: Dodged            |    49 |    53 ||   102
Block: Shield            |    79 |    90 ||   169
